 Dungeon Crawl Stone Soup version 0.23.2-30-g0e89c35649 (webtiles) character file.

Game seed: 9138236024975885559

1895 dvd the Thrower (level 9, -6/89 HPs)
             Began as an Ogre Hunter on June 18, 2019.
             Was a Believer of Okawaru.
             Shot with an arrow by a centaur (14 damage)
             ... on level 6 of the Dungeon.
             The game lasted 00:11:42 (5392 turns).

dvd the Thrower (Ogre Hunter)                       Turns: 5392, Time: 00:11:44

Health: -6/89      AC:  4    Str: 18    XL:     9   Next: 15%
Magic:  0/9        EV: 12    Int: 12    God:    Okawaru [**....]
Gold:   185        SH:  0    Dex: 12    Spells: 8/8 levels left

rFire    . . .     SeeInvis .   o - +1 flail (venom)
rCold    + . .     Gourm    .   (no shield)
rNeg     . . .     Faith    .   b - +0 robe
rPois    .         Spirit   +   (helmet restricted)
rElec    .         Reflect  .   p - +0 cloak
rCorr    .         Harm     .   (gloves unavailable)
MR       .....                  (boots unavailable)
Stlth    ++........             v - amulet "Heokeuz" {Spirit rC+}
HPRegen  0.24/turn              (no ring)
MPRegen  0.11/turn              (no ring)

@: no status effects
A: large, unfitting armour, tough skin 1
a: Heroism, Renounce Religion


You were on level 6 of the Dungeon.
You worshipped Okawaru.
Okawaru was pleased with you.
You were not hungry.

You visited 2 branches of the dungeon, and saw 7 of its levels.

You collected 185 gold pieces.

Inventory:

Hand Weapons
 a - a +0 short sword
 c - a +0 flail of holy wrath
 i - a +0 dagger of venom
 j - a +2 dagger of freezing
 o - a +1 flail of venom (weapon)
 q - a +2 quarterstaff of chaos
 C - a +2 spear of venom
 E - a +0 hand axe of flaming
Missiles
 d - 4 large rocks (quivered)
 D - 5 tomahawks
Armour
 b - a +0 robe (worn)
 p - a +0 cloak (worn)
Jewellery
 v - the amulet "Heokeuz" (around neck) {Spirit rC+}
   (You found it on level 4 of the Dungeon)

   [amulet of guardian spirit]

   It causes incoming damage to be split between your health and magic.
   It protects you from cold.
 A - an uncursed amulet of rage
Wands
 B - a wand of acid (6)
 H - a wand of random effects (14)
Scrolls
 h - 7 scrolls of identify
 n - a scroll of immolation {unknown}
 s - 2 scrolls of remove curse
 t - 2 scrolls of fear
 u - 3 scrolls of teleportation
 x - a scroll of blinking {unknown}
 y - 3 scrolls of amnesia
 G - a scroll of magic mapping {unknown}
Potions
 e - 5 potions of curing {unknown}
 g - a potion of heal wounds {unknown}
 k - a potion of brilliance {unknown}
 l - a potion of mutation {unknown}
 m - 2 potions of degeneration {unknown}
 r - a potion of might {unknown}
 w - a potion of cancellation {unknown}
 z - a potion of haste {unknown}
 F - a potion of ambrosia {unknown}
Comestibles
 f - 8 rations


   Skills:
 + Level 5.6 Fighting
 + Level 3.7 Short Blades
 + Level 2.8 Maces & Flails
 + Level 8.4 Throwing
 + Level 4.8 Dodging
 + Level 2.4 Stealth
 + Level 0.3 Invocations


You had 8 spell levels left.
You didn't know any spells.
Your spell library contained the following spells:

 Spells                   Type           Power        Failure   Level  Hunger
 Animate Skeleton         Necr           N/A          32%         1    ##.....
 Apportation              Tloc           #.....       32%         1    ##.....
 Confusing Touch          Hex            #.....       32%         1    ##.....
 Magic Dart               Conj           #...         32%         1    ##.....
 Summon Small Mammal      Summ           #...         32%         1    ##.....
 Blink                    Tloc           N/A          45%         2    ###....
 Call Imp                 Summ           #.......     45%         2    ###....
 Slow                     Hex            #.......     45%         2    ###....
 Call Canine Familiar     Summ           #.......     69%         3    ####...
 Conjure Flame            Conj/Fire      #.......     69%         3    ####...
 Mephitic Cloud           Conj/Pois/Air  #.......     69%         3    ####...
 Summon Guardian Golem    Hex/Summ       #.......     69%         3    ####...
 Summon Ice Beast         Ice/Summ       #.......     97%         4    #####..
 Summon Lightning Spire   Summ/Air       #.......     97%         4    #####..


Dungeon Overview and Level Annotations

Branches:
Dungeon (6/15)             Temple (1/1) D:4

Altars:
Ashenzari
Cheibriados
Dithmenos
Elyvilon
Gozag
Hepliaklqana
Kikubaaqudgha
Makhleb
Nemelex Xobeh
Okawaru
Qazlal
Ru
Sif Muna
Trog
Uskayaw
Vehumet
Wu Jian
Xom
Yredelemnul
Zin
The Shining One


Innate Abilities, Weirdness & Mutations

You are too large for most types of armour.
You have tough skin. (AC +1)


Message History

Okawaru accepts your kill.
Throwing (i - inventory. (/) - cycle)
d - 6 large rocks (quivered)
Press: ? - help, Shift-Dir - straight line, f - centaur
Aim: a centaur, wielding a +0 shortbow You throw a large rock.
The large rock barely misses the centaur.
The centaur shoots an arrow.
The arrow hits you.
The centaur shoots an arrow.
The arrow hits you!
* * * LOW HITPOINT WARNING * * *
Throwing (i - inventory. (/) - cycle)
d - 5 large rocks (quivered)
Press: ? - help, Shift-Dir - straight line, f/p - centaur
Aim: a centaur, wielding a +0 shortbow You throw a large rock.
The large rock closely misses the centaur.
The large rock hits the black bear!!
The black bear is almost dead.
The centaur shoots an arrow.
The arrow hits you!
* * * LOW HITPOINT WARNING * * *
The centaur shoots an arrow.
The arrow hits you!
You die...

#..#.......#...#
#.
##.....##..###
###.####....##
.............#
..###......###
...........#
.##......######
##.###..###.##
.#.....@#....#
......##()...#
........(...##
........((....#
............##
hc..........#
(......######
..h.#.. (cc##.#


You could see a black bear and a centaur.

Vanquished Creatures
  A gargoyle (D:6)
  The ghost of kalagan the Magician, an amateur DEEE (D:4)
  Sigmund (D:2)
  An ice beast (D:5)
  A sky beast (D:3)
  A necrophage (D:5)
  An ogre (D:4)
  A centaur (D:6)
  A bullfrog (D:6)
  A scorpion (D:4)
  2 howler monkeys
  A centaur zombie (D:5)
  2 orc wizards
  2 orc priests
  Crazy Yiuf (D:2)
  A bullfrog skeleton (D:5)
  Terence (D:2)
  2 iguanas
  4 worker ants
  A hound zombie (D:5)
  A howler monkey zombie (D:6)
  A howler monkey skeleton (D:5)
  7 gnolls
  8 adders
  2 shadow imps (D:5)
  2 oozes
  2 worms
  3 dart slugs
  A leopard gecko (D:2)
  11 orcs
  A ball python (D:2)
  5 bats
  5 giant cockroaches
  8 goblins
  9 hobgoblins
  10 jackals
  A quokka (D:5)
  2 frilled lizards (D:1)
  7 kobolds
  4 rats
117 creatures vanquished.

Notes
Turn   | Place    | Note
-------+----------+-------------------------------------------
     0 | D:1      | dvd the Ogre Hunter began the quest for the Orb.
     0 | D:1      | Reached XP level 1. HP: 22/22 MP: 1/1
   229 | D:1      | Reached XP level 2. HP: 29/29 MP: 2/2
   773 | D:2      | Reached XP level 3. HP: 36/36 MP: 3/3
   845 | D:2      | Reached skill level 5 in Throwing
  1155 | D:2      | Noticed Sigmund
  1239 | D:3      | Reached XP level 4. HP: 42/44 MP: 4/4
  1264 | D:3      | Reached XP level 5. HP: 6/52 MP: 5/5
  1637 | D:3      | Noticed a sky beast
  1675 | D:3      | Killed a sky beast
  1675 | D:3      | Reached skill level 1 in Short Blades
  1675 | D:3      | Reached skill level 6 in Throwing
  1675 | D:3      | Reached skill level 1 in Stealth
  2037 | D:3      | Reached XP level 6. HP: 47/61 MP: 6/6
  2238 | D:2      | Found a runed translucent door.
  2239 | D:2      | Noticed Crazy Yiuf
  2254 | D:2      | Killed Sigmund
  2377 | D:2      | Noticed Terence
  2378 | D:2      | Killed Terence
  2506 | D:2      | Killed Crazy Yiuf
  2506 | D:2      | Reached XP level 7. HP: 68/68 MP: 7/7
  3093 | D:4      | Found a staircase to the Ecumenical Temple.
  3105 | Temple   | Entered the Ecumenical Temple
  3218 | Temple   | Became a worshipper of Warmaster Okawaru
  3456 | D:4      | Found a glowing golden altar of the Shining One.
  3485 | D:4      | Got a sparkling lead amulet
  3492 | D:4      | Identified the amulet "Heokeuz" {Spirit rC+} (You found it
                  | on level 4 of the Dungeon)
  3672 | D:4      | Found a runed translucent gate.
  3674 | D:4      | Found a runed translucent gate.
  3675 | D:4      | Found a runed translucent gate.
  3676 | D:4      | Noticed kalagan's ghost (amateur DEEE)
  3684 | D:4      | Killed kalagan's ghost
  3684 | D:4      | Reached XP level 8. HP: 73/79 MP: 6/8
  3865 | D:4      | Reached skill level 7 in Throwing
  3966 | D:5      | Entered Level 5 of the Dungeon
  4041 | D:5      | Reached * piety under Okawaru
  4216 | D:5      | Found a deep blue altar of Sif Muna.
  4322 | D:5      | Reached skill level 5 in Fighting
  4431 | D:5      | Found an ancient bone altar of Kikubaaqudgha.
  4725 | D:5      | Found a burning altar of Makhleb.
  4725 | D:5      | Found a shimmering altar of Xom.
  4727 | D:5      | Found a snail-covered altar of Cheibriados.
  4727 | D:5      | Found a blossoming altar of Fedhas.
  4727 | D:5      | Found a white marble altar of Elyvilon.
  4875 | D:6      | Noticed a gargoyle
  4882 | D:6      | Reached skill level 1 in Maces & Flails
  4889 | D:6      | Killed a gargoyle
  4889 | D:6      | Reached ** piety under Okawaru
  4889 | D:6      | Reached skill level 8 in Throwing
  4889 | D:6      | Reached XP level 9. HP: 12/88 MP: 0/9
  5202 | D:6      | Found an ornate altar of the Wu Jian Council.
  5240 | D:6      | Found an opulent altar of Gozag.
  5392 | D:6      | Shot with an arrow by a centaur

Skill      XL: |  1  2  3  4  5  6  7  8 |
---------------+-------------------------+-----
Dodging        | 2 3 4 |  4.8
Throwing       | 5 6 8 |  8.4
Fighting       | 3 4 5 |  5.6
Short Blades   | 1 2 3 |  3.7
Stealth        | 1 2 |  2.4
Maces & Flails | 2 |  2.8
Invocations    | |  0.3

Action                   |  1- 3 |  4- 6 |  7- 9 || total
-------------------------+-------+-------+-------++-------
Melee: Short sword       |     1 |       |       ||     1
       Dagger            |    32 |    93 |    53 ||   178
       Flail             |       |       |    45 ||    45
Throw: Large rock        |    41 |     6 |    87 ||   134
       Throwing net      |       |     4 |       ||     4
Invok: Heroism           |       |       |     2 ||     2
  Use: Scroll            |       |       |     5 ||     5
 Stab: Sleeping          |       |     1 |       ||     1
  Eat: Chunk             |     1 |     4 |     9 ||    14
Armor: Robe              |    11 |    22 |    20 ||    53
Dodge: Dodged            |    22 |    42 |    84 ||   148
